 Dungeon Crawl Stone Soup version 0.30-a0-335-ge5acde7520 (webtiles) character file.

Game seed: 14754150878130951571

1846 gruber the Destroyer (level 8, -3/57 HPs)
             Began as a White Draconian Conjurer on Oct 30, 2022.
             Slain by a white ugly thing (11 damage)
             ... on level 7 of the Dungeon.
             The game lasted 00:08:18 (7358 turns).

gruber the Destroyer (White Draconian Conjurer)     Turns: 7358, Time: 00:08:19

Health: -3/57      AC: 10    Str: 11    XL:     8   Next: 88%
Magic:  2/11       EV: 12    Int: 20    God:
Gold:   682        SH:  0    Dex:  9    Spells: 2/11 levels left

rFire   . . .      SeeInvis .    f - +2 hand axe (flame)
rCold   + . .      Faith    .    (no shield)
rNeg    . . .      Spirit   .    (body armour unavailable)
rPois   +          Reflect  .    (helmet restricted)
rElec   .          Harm     .    (no cloak)
rCorr   .          Rampage  .    (no gloves)
Will    .....                    (no boots)
Stlth   ++........               (no amulet)
HPRegen 0.29/turn                b - ring of poison resistance
MPRegen 0.12/turn                F - +4 ring of protection

@: no status effects
A: breathe frost, AC +6, unfitting armour, cold resistance 1, cold-blooded
a: Breathe Frost


You were on level 7 of the Dungeon.
You visited 2 branches of the dungeon, and saw 8 of its levels.

You collected 682 gold pieces.

Inventory:

Hand Weapons
 f - a +2 hand axe of flaming (weapon)
 v - a +2 mace of venom
 A - a +2 vorpal spear
Magical Staves
 D - a staff of fire
Jewellery
 b - a ring of poison resistance (left hand)
 n - a +4 ring of evasion
 w - a ring of protection from fire
 y - a ring of willpower
 F - a +4 ring of protection (right hand)
Scrolls
 c - a scroll of noise {unknown}
 g - 2 scrolls of teleportation {unknown}
 h - 2 scrolls of blinking {unknown}
 j - a scroll of fear {unknown}
 k - a scroll of magic mapping {unknown}
 p - 4 scrolls of identify {unknown}
 q - 2 scrolls of fog {unknown}
 r - 5 scrolls of summoning {unknown}
 u - a scroll of acquirement {unknown}
 z - a scroll of amnesia {unknown}
 B - a scroll of enchant weapon {unknown}
 C - a scroll of immolation {unknown}
 E - a scroll of vulnerability {unknown}
Potions
 a - 2 potions of magic
 d - 2 potions of brilliance {unknown}
 e - 2 potions of curing {unknown}
 i - a potion of heal wounds {unknown}
 l - a potion of attraction {unknown}
 m - 2 potions of degeneration {unknown}
 o - 2 potions of resistance
 s - 2 potions of lignification {unknown}
 t - a potion of might {unknown}
 x - 2 potions of haste {unknown}


   Skills:
 * Level 3.5 Dodging
 - Level 1.7 Stealth
 - Level 2.0 Spellcasting
 - Level 10.0 Conjurations
 - Level 7.1 Ice Magic


You had 2 spell levels left.
You knew the following spells:

 Your Spells              Type           Power      Damage    Failure   Level
a - Magic Dart            Conj           100%       1d8       1%          1
b - Searing Ray           Conj           84%        2d7       1%          2
c - Mephitic Cloud        Conj/Pois/Air  15%        N/A       12%         3
d - Frozen Ramparts       Ice            60%        1d10      2%          3

Your spell library contained the following spells:

 Spells                   Type           Power      Damage    Failure   Level
 Apportation              Tloc           4%         N/A       16%         1
 Cigotuvi's Dreadful Rot  Necr/Pois/Air  4%         N/A       24%         2
 Poisonous Vapours        Pois/Air       4%         N/A       24%         2
 Dazzling Flash           Conj/Hex       44%        N/A       6%          3
 Fulminant Prism          Conj/Hex       11%        3d8       21%         4
 Iskenderun's Mystic Bla  Conj/Tloc      22%        2d6       21%         4
 Ice Form                 Ice/Tmut       16%        N/A       36%         4
 Summon Ice Beast         Ice/Summ       16%        N/A       36%         4
 Lightning Bolt           Conj/Air       11%        1d24      50%         5
 Airstrike                Air            1%         2d(1-17)  83%         4
 Summon Lightning Spire   Summ/Air       2%         N/A       83%         4
 Iron Shot                Conj/Erth      11%        9d3       97%         6
 Agony                    Necr           2%         N/A       99%         5
 Alistair's Intoxication  Tmut/Pois      1%         N/A       99%         5
 Blade Hands              Tmut           1%         N/A       99%         5
 Silence                  Hex/Air        1%         N/A       99%         5
 Animate Armour           Summ/Erth      Unusable   N/A       N/A         4

Dungeon Overview and Level Annotations

Branches:
Dungeon (7/15)             Temple (1/1) D:5

Altars:
Dithmenos
Elyvilon
Fedhas
Kikubaaqudgha
Makhleb
Nemelex Xobeh
Okawaru
Qazlal
Ru
Sif Muna
Trog
Uskayaw
Wu Jian
Xom
Yredelemnul
Zin
The Shining One

Annotations:
D:4 2 runed translucent doors, Potemkin's ghost, amateur FoFi


Innate Abilities, Weirdness & Mutations

You can breathe waves of freezing cold which knock back foes.
Your icy white scales are hard. (AC +6)
You cannot fit into any form of body armour.
Your flesh is cold resistant. (rC+)
You are cold-blooded and may be slowed by cold attacks.


Message History

The searing ray hits the orc.
The orc is almost dead. (Press . to maintain the ray.)
The white ugly thing punches you. The white ugly thing freezes you! You resist.
Unknown command.
The searing ray hits the white ugly thing.
The white ugly thing is lightly wounded.
The searing ray hits the orc!
You kill the orc!
The white ugly thing punches you. The white ugly thing freezes you. You resist.
Unknown command.
The searing ray hits the white ugly thing!
The white ugly thing is moderately wounded.
The white ugly thing punches you but does no damage.
Unknown command.
The searing ray hits the white ugly thing.
The white ugly thing is moderately wounded.
You finish channelling your searing ray.
The white ugly thing punches you but does no damage.
Unknown command.
Casting: Searing Ray (safe; 1% risk of failure)
Confirm with . or Enter, or press ? or * to list all spells.
Aiming: Searing Ray (safe; 1% risk of failure)
Press: ? - help, Shift-Dir - straight line, f/p - white ugly thing
Aim: a white ugly thing (moderately wounded, 82% to hit)
The searing ray hits the white ugly thing but does no damage.
The white ugly thing is moderately wounded. (Press . to maintain the ray.)
The white ugly thing punches you. The white ugly thing freezes you! You resist.
Unknown command.
The searing ray misses the white ugly thing.
The white ugly thing punches you. The white ugly thing freezes you! You resist.
* * * LOW HITPOINT WARNING * * *
The searing ray hits the white ugly thing!
The white ugly thing is heavily wounded.
The white ugly thing barely misses you.
The searing ray misses the white ugly thing.
You finish channelling your searing ray.
The white ugly thing punches you!
You die...

################ #
...............# ..
..).............# ...
................# ...[
#................+.....
#......................
#.........†).##.##....
#...........#..@# .
#>..##....#.##:u#
##...##....##.###).
#............#.. ##.#
#..<..........##. .#
#............).. ..
#..........##...# +
#...[......# ...#
#............ ...


You could see a white ugly thing.

Vanquished Creatures
  Prince Ribbit (D:6)
  A water moccasin (D:7)
  A sky beast (D:7)
  A black bear (D:4)
  An ice beast (D:5)
  2 phantoms
  A bullfrog (D:7)
  4 scorpions
  A howler monkey (D:5)
  4 hounds
  5 jellies
  An orc priest (D:4)
  Jessica (D:3)
  2 iguanas (D:5)
  An orc wizard (D:4)
  9 adders
  19 gnolls
  A white imp (D:6)
  3 ufetubi (D:5)
  3 worms (D:2)
  2 dart slugs (D:4)
  12 orcs
  4 bats
  3 endoplasms
  2 giant cockroaches
  6 goblins
  6 hobgoblins
  4 jackals (D:3)
  5 quokkas
  5 ball pythons
  5 frilled lizards
  6 kobolds
  A rat (D:1)
123 creatures vanquished.

Notes
Turn   | Place    | Note
-------+----------+-------------------------------------------
     0 | D:1      | gruber the Draconian Conjurer began the quest for the Orb.
     0 | D:1      | Reached XP level 1. HP: 14/14 MP: 3/3
   315 | D:1      | Reached XP level 2. HP: 20/20 MP: 3/5
   318 | D:1      | Learned a level 2 spell: Searing Ray
  1176 | D:2      | Reached skill level 5 in Conjurations
  1176 | D:2      | Reached XP level 3. HP: 26/26 MP: 1/6
  1180 | D:2      | Learned a level 3 spell: Mephitic Cloud
  1801 | D:2      | Found a bloodstained altar of Trog.
  1944 | D:2      | Found a faded altar of an unknown god.
  1994 | D:2      | Reached XP level 4. HP: 33/33 MP: 1/7
  2249 | D:2      | Reached skill level 6 in Conjurations
  2485 | D:2      | Reached XP level 5. HP: 7/38 MP: 0/8
  2932 | D:3      | Noticed Jessica
  2946 | D:3      | Killed Jessica
  3065 | D:3      | Found a stormy altar of Qazlal.
  3194 | D:3      | Reached skill level 7 in Conjurations
  3517 | D:4      | Found a glowing silver altar of Zin.
  3518 | D:4      | Noticed an angel
  3560 | D:4      | Reached XP level 6. HP: 45/45 MP: 4/9
  3876 | D:4      | Reached skill level 8 in Conjurations
  4114 | D:4      | Identified the +0 ring mail "Uguop" {Regen+ Stlth+}
  4121 | D:4      | Found a runed translucent door.
  4123 | D:4      | Noticed Potemkin's ghost (amateur FoFi)
  4390 | D:4      | Found a runed translucent door.
  4563 | D:5      | Entered Level 5 of the Dungeon
  4572 | D:5      | Found an ornate altar of the Wu Jian Council.
  4591 | D:5      | Found a staircase to the Ecumenical Temple.
  4618 | Temple   | Entered the Ecumenical Temple
  5005 | D:5      | Found a glowing golden altar of the Shining One.
  5011 | D:5      | Your scales start taking on an icy white colour.
  5011 | D:5      | Reached XP level 7. HP: 47/50 MP: 10/10
  5011 | D:5      | Gained mutation: Your flesh is cold resistant. (rC+) [White
                  | Draconian growth]
  5345 | D:5      | Reached skill level 9 in Conjurations
  5668 | D:5      | Reached skill level 10 in Conjurations
  5716 | D:5      | Learned a level 3 spell: Frozen Ramparts
  5943 | D:6      | Reached skill level 1 in Ice Magic
  5943 | D:6      | Reached XP level 8. HP: 57/57 MP: 6/11
  6363 | D:6      | Found a shimmering blue altar of Sif Muna.
  6448 | D:6      | Identified the +3 leather armour of Perpetual Drought {rF+
                  | Will- rCorr}
  6479 | D:6      | Noticed Prince Ribbit
  6488 | D:6      | Killed Prince Ribbit
  6489 | D:6      | Reached skill level 5 in Ice Magic
  6881 | D:7      | Found a shadowy altar of Dithmenos.
  7349 | D:7      | Noticed a white ugly thing
  7358 | D:7      | Slain by a white ugly thing

Illustrated notes

Levels and vault maps discovered:
D:1:      amcnicky_arrival_abandoned_market, layout_basic
D:2:      layout_loops_ring, hellmonk_ecumenical_altar_arch_garden, basic_altar,
          kennysheep_path_1, st_stairs_5, chequers_serial_rivers_marsh,
          kennysheep_generic_room_13
D:3:      layout_basic, general_overflow_altar, uniq_jessica
D:4:      layout_loops_ring, zin_angel, ebering_ghost_sewer_f,
          minmay_fractal_squares_diagonal_5
D:5:      minmay_polygon_palace, layout_basic, lemuel_round_altar,
          tso_metal_star, minmay_temple_entry_gardened_gates
D:6:      layout_rooms, lemuel_blue_sif_altar, uniq_prince_ribbit1
D:7:      layout_gridville, nicolae_dithmenos_through_a_glass_darkly,
          kennysheep_cross_room, minmay_manual_mess
Temple:   jpeg_temple_clearing

Skill      XL: |  1  2  3  4  5  6  7  8 |
---------------+-------------------------+-----
Conjurations   | 5 6 7 8 10 | 10.0
Ice Magic      | 1 7 |  7.1
Dodging        | 3 |  3.5
Stealth        | |  1.7
Spellcasting   | |  2.0

Action                   |  1- 3 |  4- 6 |  7- 9 || total
-------------------------+-------+-------+-------++-------
Melee: Short sword       |    49 |    12 |       ||    61
       Tailslap          |     6 |     4 |     6 ||    16
       Long sword        |       |    10 |       ||    10
       Hand axe          |       |    21 |    19 ||    40
       Mace              |       |     3 |    31 ||    34
       Punch             |       |       |     1 ||     1
       Spear             |       |       |     2 ||     2
 Cast: Magic Dart        |    71 |     9 |     4 ||    84
       Searing Ray       |     1 |    22 |    25 ||    48
 Abil: Breathe Frost     |       |       |     3 ||     3
 Stab: Sleeping          |       |     2 |       ||     2
Armor: Skin              |    13 |    17 |    22 ||    52
Dodge: Dodged            |    23 |    65 |    93 ||   181

Table legend: (Time is in decaauts)
 A = Elapsed time spent in this place.
 B = Non-inter-level travel time spent in this place.
 C = Inter-level travel time spent in this place.
 D = Time resting spent in this place.
 E = Time spent auto-exploring this place.
 F = Levels seen in this place.
 G = Mean time per level.
                   A        B        C        D        E       F      G
               +--------+--------+--------+--------+--------+-----+--------+
         Total |   7385 |   7197 |    188 |      0 |   6275 |   8 |  923.1 |
       Dungeon |   7251 |   7081 |    170 |      0 |   6170 |   7 | 1035.9 |
        Temple |    133 |    115 |     18 |      0 |    105 |   1 |  133.0 |
               +--------+--------+--------+--------+--------+-----+--------+

Top non-repeatable levels by time:
     D:2: 1602 daAuts
     D:5: 1182 daAuts
     D:4: 1109 daAuts
     D:1: 999 daAuts
     D:6: 864 daAuts
     D:3: 863 daAuts
     D:7: 630 daAuts
  Temple: 133 daAuts
